 Dungeon Crawl Stone Soup version 0.32-a0-171-g4625e66871 (webtiles) character file.

Game seed: 7382269256203953191

35 Muffindrake the Digger (level 3, -1/28 HPs)
             Began as a Draconian Earth Elementalist on Feb 12, 2024.
             Killed by nerve-wracking pain
             ... invoked by Jessica
              (4 damage)
             ... on level 1 of the Dungeon.
             The game lasted 00:02:28 (1014 turns).

Muffindrake the Digger (DrEE)                       Turns: 1014, Time: 00:02:29

Health: -1/28      AC:  6    Str: 10    XL:     3   Next: 17%
Magic:  0/6        EV: 12    Int: 17    God:
Gold:   27         SH:  0    Dex: 11    Spells: 5/6 levels left

rFire   . . .        c - +0 quick blade
rCold   . . .        (no shield)
rNeg    . . .        (body armour unavailable)
rPois   .            (helmet restricted)
rElec   .            g - +0 cloak
rCorr   .            (no gloves)
SInv    .            (no boots)
Will    .....        d - amulet of guardian spirit
Stlth   ++           (no ring)
HPRegen 0.24/turn    (no ring)
MPRegen 0.10/turn

%: guardian spirit
@: no status effects
A: AC +5, unfitting armour, cold-blooded
a: no special abilities


You were on level 1 of the Dungeon.
You visited 1 branch of the dungeon, and saw 2 of its levels.

You collected 27 gold pieces.

Inventory:

Hand Weapons
 c - a +0 quick blade (weapon)
Armour
 g - a +0 cloak (worn)
Jewellery
 d - an amulet of guardian spirit (around neck)
Scrolls
 f - a scroll of identify {unknown}
 h - a scroll of blinking {unknown}
 i - a scroll of enchant armour {unknown}
Potions
 b - a potion of haste {unknown}
 e - a potion of lignification {unknown}
 j - 2 potions of brilliance {unknown}


   Skills:
 + Level 1.2 Fighting
 + Level 0.6 Short Blades
 - Level 2.0 Dodging
 - Level 2.0 Stealth
 + Level 2.2 Spellcasting
 - Level 1.0 Conjurations
 * Level 3.5 Earth Magic


You had 5 spell levels left.
You knew the following spells:

 Your Spells              Type           Power      Damage    Failure   Level
a - Sandblast             Erth           26%        2d8       4%          1

Your spell library contained the following spells:

 Spells                   Type           Power      Damage    Failure   Level
 Passwall                 Erth           13%        N/A       14%         3
 Stone Arrow              Conj/Erth      18%        3d8       22%         3
 Brom's Barrelling Bould  Conj/Erth      9%         2d3       58%         4
 Petrify                  Alch/Erth      7%         N/A       67%         4


Dungeon Overview and Level Annotations

Branches:
Dungeon (2/15)

Altars:

Annotations:
D:1 Jessica


Innate Abilities, Weirdness & Mutations

Your plain brown scales are hard. (AC +5)
You cannot fit into any form of body armour.
You are cold-blooded and may be slowed by cold attacks.


Message History

The blast of sand misses the adder.
The blast of sand hits Jessica.
Jessica is almost dead.
The adder bites you.
Jessica mumbles some strange words.
Jessica blinks!
The adder closely misses you.
Unknown command.
Casting: Sandblast (safe; 5% risk of failure)
Confirm with . or Enter, or press ? or * to list all spells.
Aiming: Sandblast (safe; 5% risk of failure)
Press: ? - help, Shift-Dir - straight line, f - adder
Aim: an adder (almost dead, 70% to hit)
The blast of sand hits the adder.
You kill the adder!
Jessica casts a spell.
Jessica seems to speed up.
You have reached level 3!
Your experience leads to an increase in your attributes!
Increase (S)trength, (I)ntelligence, or (D)exterity?
You feel clever. x2; Your scales feel tougher.
Jessica points at you and mumbles some strange words.
Pain shoots through your body!
* * * LOW HITPOINT WARNING * * *
Unknown command.
Okay, then.
Magic courses through your body.
Jessica casts a spell.
Jessica blinks!
Jessica gestures wildly while chanting.
Jessica blinks!
Casting: Sandblast (safe; 4% risk of failure)
Confirm with . or Enter, or press ? or * to list all spells.
You can't see any susceptible monsters within range! (Use Z to cast anyway.) Sorry, you're not good enough to have a special ability.
You see here an adder corpse.
Casting: Sandblast (safe; 4% risk of failure)
Confirm with . or Enter, or press ? or * to list all spells.
Okay, then.
Jessica gestures at you while chanting. Pain shoots through your body!
You die...

#####.#........#.#### ###.# #.
#.###...##.#....# #.#.# #. #.#
#.#.##.####.# #.#.# #. ## #.#
#.#....####.####.#.# #. .# #.#
#.##.............#.# #. .# #.#
#.##.#.@.##.####.#.#####.
.####'###......#)##.#
#.#.#.....
........####...#.##.#
#.#.#.###.
........####....@##.# #.#.#.#
## ........+.......>##.#
#.#.#.#
........####.§##.##.####.#.#.#
........# #..##.##.#.†..#.#.#
######### #..##.##.#.####.#.#
##.##.##.#........#
#.##.#.......#.###
#.##.#######.#.#
#.##...).......#


You could see Jessica (fast).

Vanquished Creatures
  An adder (D:1)
  2 dart slugs (D:1)
  3 ball pythons (D:1)
  An endoplasm (D:1)
  A giant cockroach (D:1)
  2 hobgoblins (D:1)
  4 kobolds (D:1)
  2 quokkas (D:1)
  A frilled lizard (D:1)
  2 goblins (D:1)
  4 rats (D:1)
23 creatures vanquished.

Notes
Turn   | Place    | Note
-------+----------+-------------------------------------------
     0 | D:1      | Muffindrake the Draconian Earth Elementalist began the
                  | quest for the Orb.
     0 | D:1      | Reached XP level 1. HP: 14/14 MP: 3/3
   152 | D:1      | Reached XP level 2. HP: 16/22 MP: 5/5
   362 | D:1      | Reached skill level 1 in Fighting
  1001 | D:2      | Noticed Jessica
  1011 | D:1      | Reached XP level 3. HP: 10/28 MP: 0/6
  1014 | D:1      | Killed from afar by Jessica

Illustrated notes

Levels and vault maps discovered:
D:1:      beargit_arrival_diablo_church, layout_basic, due_unseen_surprise
D:2:      layout_loops_ring, hellmonk_ecumenical_altar_leap_of_faith,
          basic_altar, st_stairs_4, skrybe_limestone_x, uniq_jessica

Skill      XL: |  1  2 |
---------------+-------+-----
Stealth        | 2 |  2.0
Fighting       | 1 |  1.2
Dodging        | 2 |  2.0
Short Blades   | |  0.6
Spellcasting   | |  2.2
Conjurations   | |  1.0
Earth Magic    | |  3.5

Action                     || total
---------------------------++-------
  Melee: Quick blade       ||    74
         Unarmed           ||     7
         Tailslap          ||    11
   Cast: Sandblast         ||    13
    Use: Potion            ||     1
   Stab: Sleeping          ||     1
 Armour: Skin              ||    25
  Dodge: Dodged            ||    34

Table legend: (Time is in decaauts)
 A = Elapsed time spent in this place.
 B = Non-inter-level travel time spent in this place.
 C = Inter-level travel time spent in this place.
 D = Time resting spent in this place.
 E = Time spent auto-exploring this place.
 F = Levels seen in this place.
 G = Mean time per level.
                   A        B        C        D        E       F      G
               +--------+--------+--------+--------+--------+-----+--------+
         Total |   1028 |    997 |     31 |      0 |    771 |   2 |  514.0 |
       Dungeon |   1028 |    997 |     31 |      0 |    771 |   2 |  514.0 |
               +--------+--------+--------+--------+--------+-----+--------+

Top non-repeatable levels by time:
     D:1: 1020 daAuts
     D:2: 7 daAuts
